AoeStats
← hotzmann

African Clearing

510624827Analyzed
3v3 RM · 19h ago on Oct 1, 2026· 26m 39s· 6 players
Game mode
Random Map
Map size
Normal (6 player)
Population
200
Speed
Normal
Resources
Standard
Victory
Conquest
Starting age
Dark Age
Ending age
Imperial Age
RankedLock teamsTeams togetherTeam positionsShared explorationLock speedFull tech treeHidden civsTurbo modeCheats
Victory
Defeat
🇲🇽 Danes · Mexico
1205
+13
🇦🇷 Mongols · Argentina
1167
+14
🇺🇸 Hindustanis · United States
1159
+15
🇪🇸 Danes · Spain
1169
-16
🇲🇰 Saracens · North Macedonia
1115
-13
🇧🇷 Franks · Brazil
1108
-13
hotzmann
6:06 Loom
16:32 Feudal Age
17:08 Town Watch
17:24 Double-Bit Axe
20:58 Castle Age
19:44 Horse Collar
Galetheos
9:35 Loom
14:27 Feudal Age
20:06 Castle Age
19:00 Double-Bit Axe
20:32 Bloodlines
20:40 Stone Mining
jusart.92
6:53 Loom
12:12 Feudal Age
17:07 Castle Age
18:13 Forging
18:05 Scale Mail Armor
Jambo
10:38 Loom
12:33 Feudal Age
14:39 Double-Bit Axe
17:11 Castle Age
17:33 Scale Mail Armor
17:44 Forging
21:12 Chain Mail Armor
26:34 Iron Casting
Illusion_ecs_crew
13:28 Feudal Age
14:54 Double-Bit Axe
17:11 Castle Age
16:33 Loom
17:05 Horse Collar
Arqueiro Vermelho
3:37 Loom
16:06 Feudal Age
20:08 Castle Age
25:19 Wheelbarrow
Connection lost

Rejoining the realm…

Still unreachable

The connection could not be restored.

Session expired

The server has moved on; the page needs a fresh start.